 Dungeon Crawl Stone Soup version 0.21.1 (webtiles) character file.

2566 Stimme the Martial Artist (level 9, -4/57 HPs)
             Began as an Octopode Transmuter on Feb 3, 2018.
             Was an Initiate of Ashenzari.
             Slain by a phantom (9 damage)
             ... on level 7 of the Dungeon.
             The game lasted 00:42:15 (10774 turns).

Stimme the Martial Artist (Octopode Transmuter)    Turns: 10774, Time: 00:42:16

Health: -4/57      AC:  1    Str:  9    XL:     9   Next: 57%
Magic:  14/14      EV: 19    Int: 16    God:    Ashenzari [......]
Gold:   356        SH:  0    Dex: 15    Spells: 3/15 levels left

rFire    . . .     SeeInvis .     - Unarmed
rCold    . . .     Gourm    .   (no shield)
rNeg     . . .     Faith    .   (helmet restricted)
rPois    .         Spirit   .   h - amulet of rage (curse)
rElec    .         Reflect  .   j - +3 ring of evasion (curse)
rCorr    .         Harm     .   (no ring)
MR       .....                  (no ring)
Stlth    ++++......             (no ring)
HPRegen  0.19/turn              (no ring)
MPRegen  0.14/turn              (no ring)
                                (no ring)
                                (no ring)

@: berserk cooldown
A: almost no armour, stealthy swim, amphibious, 8 rings, constrict 8, camouflage
1, gelatinous body 1
a: Curse Item, Renounce Religion, Evoke Berserk Rage


You were on level 7 of the Dungeon.
You worshipped Ashenzari.
Ashenzari was noncommittal.
You were not hungry.

You visited 2 branches of the dungeon, and saw 8 of its levels.

You collected 396 gold pieces.
You spent 40 gold pieces at shops.

Inventory:

Hand Weapons
 m - a +0 blowgun
Missiles
 a - 138 arrows
 g - 5 tomahawks of returning (quivered)
 k - 2 throwing nets
 n - 23 poisoned needles
 s - 8 needles of confusion
 v - 7 poisoned tomahawks
Jewellery
 h - a cursed amulet of rage (around mantle)
 j - a cursed +3 ring of evasion (left tentacle)
Wands
 p - a wand of digging (14)
 u - a wand of polymorph (14)
Scrolls
 d - 9 scrolls of identify
 e - 2 scrolls of magic mapping
 f - 2 scrolls of enchant weapon
 i - 2 scrolls of enchant armour
 l - 3 scrolls of immolation
 o - a scroll of teleportation
 t - 2 scrolls of remove curse
Books
 b - a book of Changes

   Spells                             Type                      Level
   a - Beastly Appendage              Transmutation                1
   b - Sticks to Snakes               Transmutation                2
   c - Spider Form                    Transmutation/Poison         3
   d - Ice Form                       Ice/Transmutation            4
   e - Blade Hands                    Transmutation                5
 r - a book of Cantrips

   Spells                             Type                      Level
   a - Confusing Touch                Hexes                        1
   b - Animate Skeleton               Necromancy                   1
   c - Summon Small Mammal            Summoning                    1
   d - Apportation                    Translocation                1
 w - a book of Callings

   Spells                             Type                      Level
   a - Summon Small Mammal            Summoning                    1
   b - Call Imp                       Summoning                    2
   c - Call Canine Familiar           Summoning                    3
   d - Summon Guardian Golem          Hexes/Summoning              3
   e - Summon Lightning Spire         Summoning/Air                4
   f - Summon Ice Beast               Ice/Summoning                4
Comestibles
 c - 8 rations


   Skills:
 + Level 3.5 Fighting
 - Level 1.1 Throwing
 + Level 5.7 Dodging
 - Level 6.3 Stealth
 + Level 8.5 Unarmed Combat
 + Level 3.8 Spellcasting
 + Level 3.7 Transmutations
 - Level 0.2 Ice Magic
 - Level 2.6 Evocations


You had 3 spell levels left.
You knew the following spells:

 Your Spells              Type           Power        Failure   Level  Hunger
a - Beastly Appendage     Tmut           ###...       3%          1    None
b - Sticks to Snakes      Tmut           ###.....     5%          2    ##.....
c - Ice Form              Ice/Tmut       #.......     58%         4    ####...
d - Blade Hands           Tmut           ###.......   71%         5    ######.


Dungeon Overview and Level Annotations

Branches:
Dungeon (7/15)             Temple (1/1) D:6

Altars:
Ashenzari
Cheibriados
Dithmenos
Elyvilon
Fedhas
Gozag
Kikubaaqudgha
Makhleb
Nemelex Xobeh
Ru
Trog
Vehumet
Wu Jian
Xom
Yredelemnul
Zin
The Shining One

Shops:
D:4 (

Annotations:
D:5 Grinder


Innate Abilities, Weirdness & Mutations

You cannot wear most types of armour.
You are very stealthy in the water. (Stealth+)
You are amphibious.
You can wear up to eight rings at the same time.
You can use your tentacles to constrict eight enemies at once.
Your skin changes colour to match your surroundings (Stealth+).
Your rubbery body absorbs attacks. (AC +1, EV +1)


Message History

The phantom misses you. The phantom closely misses you.
You completely miss the phantom.
The phantom is almost destroyed.
The phantom barely misses you.
You tentacle-slap the phantom.
The phantom is almost destroyed.
The phantom barely misses you.
You closely miss the phantom. Your squeeze misses the phantom.
The phantom is almost destroyed.
The phantom blinks!
A phantom is nearby!
You aren't carrying any potions.
As you read the scroll of fog, it crumbles to dust.
The scroll dissolves into smoke.
You feel yourself speed up.
You see here a killer bee corpse.
You closely miss the phantom.
The phantom is almost destroyed.
The phantom hits you!
You die...

# ....... # .....y. #
##y...... ###### #.......W
.....# #..../... .....#
#........
.....###############........
........>..W.§§W@§§§........
.........############.......
......##.###### #......
......##......# ####.#
.)##..........# #
...###.##.....#
#...##..####.....
#.)..##....##....
#.<#.#........#..


You could see a phantom.

Vanquished Creatures
  2 sky beasts
  An orc warrior (D:5)
  7 ogres
  A centaur (D:7)
  The ghost of p0werm0de the Sneak, an amateur OpMo (D:4)
  3 bullfrogs (D:6)
  2 scorpions (D:5)
  6 killer bees (D:7)
  8 wights
  A centaur zombie (D:6)
  A quasit (D:6)
  3 orc priests (D:6)
  3 hounds
  2 jellies (D:6)
  A centaur skeleton (D:6)
  2 orc wizards (D:6)
  An iguana (D:4)
  A worker ant (D:3)
  Robin (D:3)
  4 gnolls
  6 adders
  3 oozes
  5 dart slugs
  3 worms
  3 leopard geckos
  22 orcs
  10 bats
  2 giant cockroaches (D:1)
  12 goblins
  8 hobgoblins
  9 jackals
  9 kobolds
  2 quokkas (D:3)
  5 frilled lizards
  A jackal zombie (D:5)
  10 rats
161 creatures vanquished.

Vanquished Creatures (collateral kills)
  A jackal (D:5)
1 creature vanquished.

Vanquished Creatures (others)
  A giant cockroach (D:3)
  2 jackals (D:3)
3 creatures vanquished.

Grand Total: 165 creatures vanquished

Notes
Turn   | Place    | Note
-------+----------+-------------------------------------------
     0 | D:1      | Stimme the Octopode Transmuter began the quest for the Orb.
     0 | D:1      | Reached XP level 1. HP: 13/13 MP: 3/3
   259 | D:1      | Reached XP level 2. HP: 7/18 MP: 5/5
  1138 | D:1      | Reached XP level 3. HP: 23/23 MP: 6/6
  1148 | D:1      | Reached skill level 1 in Stealth
  1898 | D:2      | Reached skill level 4 in Unarmed Combat
  1898 | D:2      | Reached XP level 4. HP: 17/28 MP: 7/7
  3010 | D:3      | Reached XP level 5. HP: 18/33 MP: 8/8
  3513 | D:3      | Found a sacrificial altar of Ru.
  3517 | D:3      | Found a shadowy altar of Dithmenos.
  3577 | D:3      | Noticed Robin
  3604 | D:3      | Killed Robin
  3976 | D:3      | Noticed an ogre
  3980 | D:3      | Learned a level 2 spell: Sticks to Snakes
  3989 | D:3      | Killed an ogre
  3989 | D:3      | Reached skill level 5 in Unarmed Combat
  3989 | D:3      | Reached XP level 6. HP: 38/38 MP: 6/9
  4447 | D:3      | Learned a level 4 spell: Ice Form
  4682 | D:4      | Noticed p0werm0de's ghost (amateur OpMo)
  4687 | D:4      | Reached skill level 1 in Evocations
  4711 | D:4      | Killed p0werm0de's ghost
  5211 | D:4      | Reached XP level 7. HP: 39/43 MP: 10/10
  5246 | D:4      | Found Cynovuna's Weapon Shop.
  5256 | D:4      | Bought 8 needles of confusion for 40 gold pieces
  5282 | D:5      | Entered Level 5 of the Dungeon
  5453 | D:4      | HP: 2/44 [wight/enchanted war axe (10)]
  5740 | D:5      | Reached skill level 6 in Unarmed Combat
  6278 | D:5      | Found a basalt altar of Yredelemnul.
  6675 | D:5      | Noticed Grinder
  6846 | D:5      | Reached skill level 1 in Throwing
  6846 | D:5      | Reached skill level 5 in Stealth
  6846 | D:5      | Reached XP level 8. HP: 50/50 MP: 8/12
  7353 | D:6      | Found a staircase to the Ecumenical Temple.
  7388 | D:6      | Reached skill level 7 in Unarmed Combat
  7391 | D:6      | Learned a level 1 spell: Beastly Appendage
  8604 | D:5      | Reached skill level 5 in Dodging
  8769 | D:6      | Reached skill level 8 in Unarmed Combat
  8769 | D:6      | Reached XP level 9. HP: 55/55 MP: 13/13
  9225 | D:6      | Found a sparkling altar of Nemelex Xobeh.
  9510 | D:6      | Learned a level 5 spell: Blade Hands
  9688 | Temple   | Entered the Ecumenical Temple
  9872 | Temple   | Became a worshipper of Ashenzari the Shackled
 10774 | D:7      | Slain by a phantom

Skill      XL: |  1  2  3  4  5  6  7  8  9 |
---------------+----------------------------+-----
Stealth        | 1 3 4 5 6 |  6.3
Unarmed Combat | 4 5 6 8 |  8.5
Evocations     | 1 2 |  2.6
Dodging        | 3 5 |  5.7
Fighting       | 2 3 |  3.5
Throwing       | 1 |  1.1
Spellcasting   | 3 |  3.8
Transmutations | 3 |  3.7
Ice Magic      | |  0.2

Action                   |  1- 3 |  4- 6 |  7- 9 || total
-------------------------+-------+-------+-------++-------
Melee: Unarmed           |    94 |   158 |   255 ||   507
       Constrict         |    22 |    42 |    42 ||   106
       Tentacles         |    10 |    24 |    51 ||    85
       Punch             |       |     4 |    14 ||    18
       Kick              |       |       |     3 ||     3
Throw: Tomahawk          |       |       |    10 ||    10
 Cast: Beastly Appendage |       |     1 |     1 ||     2
       Sticks to Snakes  |       |       |     4 ||     4
Invok: Curse Item        |       |       |     2 ||     2
 Abil: Evoke Berserk Rag |       |     3 |     7 ||    10
  Use: Potion            |     6 |     3 |     3 ||    12
       Scroll            |     5 |     3 |     6 ||    14
 Stab: Sleeping          |    10 |     7 |     7 ||    24
       Distracted        |     1 |       |       ||     1
  Eat: Chunk             |     2 |    14 |     5 ||    21
       Ration            |       |       |     6 ||     6
Armor: Skin              |     7 |     5 |     2 ||    14
Dodge: Dodged            |    36 |   109 |   206 ||   351
